 Dungeon Crawl Stone Soup version 0.30-a0-840-ga523dec638 (webtiles) character file.

Game seed: 5064068239183910106

30 Esekla the Sneak (level 3, 26/26 HPs)
             Began as an Octopode Delver on Mar 1, 2023.
             Quit the game on level 5 of the Dungeon.
             The game lasted 00:01:07 (94 turns).

Esekla the Sneak (Octopode Delver)                    Turns: 94, Time: 00:01:07

Health: 26/26      AC:  1    Str: 11    XL:     3   Next: 18%
Magic:  3/3        EV: 13    Int: 14    God:
Gold:   52         SH:  0    Dex: 13    Spells: 3/3 levels left

rFire   . . .      SeeInvis .    a - +0 falchion
rCold   . . .      Faith    .    (no shield)
rNeg    . . .      Spirit   .    (helmet restricted)
rPois   .          Reflect  .    (no amulet)
rElec   .          Harm     .    (no ring)
rCorr   .          Rampage  .    (no ring)
Will    .....                    (no ring)
Stlth   ++++                     (no ring)
HPRegen 0.24/turn                (no ring)
MPRegen 0.08/turn                (no ring)
                                 (no ring)
                                 (no ring)

@: no status effects
A: almost no armour, amphibious, 8 rings, camouflage 1, gelatinous body 1,
(nimble swimmer 1), tentacles
a: no special abilities


You were on level 5 of the Dungeon.
You visited 1 branch of the dungeon, and saw 1 of its levels.

You collected 52 gold pieces.

Inventory:

Hand Weapons
 a - a +0 falchion (weapon)
Wands
 f - a wand of digging (3)
Scrolls
 b - a scroll of fog
 d - a scroll of fear
Potions
 e - a potion of haste


   Skills:
 * Level 3.2 Fighting
 * Level 2.2 Long Blades
 * Level 2.2 Dodging
 + Level 7.1 Stealth
 * Level 0.6 Spellcasting


You had 3 spell levels left.
You didn't know any spells.
Your spell library was empty.

Dungeon Overview and Level Annotations

Branches:
Dungeon (5/15)
 Temple: D:4-7

Altars:

Shops:
D:5 [


Innate Abilities, Weirdness & Mutations

You cannot wear most types of armour.
You are amphibious.
You can wear up to eight rings at the same time.
Your skin changes colour to match your surroundings (Stealth+).
Your rubbery body absorbs attacks. (AC +1, EV +1)
((You are camouflaged when in or above water. (Stealth+)))
You have tentacles for arms and can constrict up to eight enemies at once.


Message History

You constrict the hound, but do no damage.
The hound bites you but does no damage. The hound barely misses you.
You hit the hound but do no damage. Your squeeze misses the hound.
The hound is heavily wounded.
You constrict the hound. The hound bites you. The hound closely misses you.
You completely miss the hound.
The hound is heavily wounded.
You constrict the hound. The hound closely misses you.
You barely miss the hound.
The hound is severely wounded.
You constrict the hound. The hound bites you. The hound closely misses you.
You hit the hound but do no damage. Your squeeze misses the hound.
The hound is almost dead.
You constrict the hound, but do no damage.
The hound closely misses you. The hound barely misses you.
You hit the hound.
The hound is almost dead.
You constrict the hound.
You kill the hound!
Your Stealth skill increases to level 7!
You have reached level 2!
You have reached level 3!
Your experience leads to an increase in your attributes!
Increase (S)trength, (I)ntelligence, or (D)exterity?
You feel clever. x2
Found 16 gold pieces.
Found 14 gold pieces.
You now have 14 gold pieces.
You now have 25 gold pieces (gained 11).
Found 11 gold pieces.
You now have 41 gold pieces (gained 16).
Found a club.
Found a stone staircase leading up.
You now have 52 gold pieces (gained 11).
There is a stone staircase leading up here.
You enter the shallow water.
Found Cadmus's Dragon-Slaying Spoils.
There is an entrance to Cadmus's Dragon-Slaying Spoils here.
An iguana comes into view.
Are you sure you want to abandon this character and quit the game? (Confirm with "yes".)

*,,,,* *,,,.*,##..##.........#..
,,,,*****,,,,,##....###..###.....
,,,,,,,,,,,,*##..##..##..........
,,,,,,,**,,,*#..#*##..#........##
,,,,,*****,*,#..#*##..#......#.#*
***,,** **,,#.#~##~#.#,.....##.,
***,*****,,#.######.#,,*,,,,,,, *
*,**,,*,,#..####..#,,,,,,,,,, **
**,*,*,,,#..@##...#,,,,,,,,,, ,**
*,,,,,,,,##......##,,,,,,,,,,
,,****,,,,,*,,##....##,,,,,,,,,,,
,,,****,,,,,,,,##∩⌠##,,,,,,,,,,,,
,,,,*,,,,,,****,####,,,,,,,,,,,,*
,,,,,,,,**,*,,,,,,,,,,,,,,,,,,,,*
,,,,**,,*****,,*,,,,,,,,,,,,,,,*,
,,,,**,,* *,*,**,,,,,,,,,,,,,,**,
,,,,,*,,* *,,***,,*,,,**,,,,,,,*,


There were no monsters in sight!

Vanquished Creatures
  A hound (D:5)
1 creature vanquished.

Notes
Turn   | Place    | Note
-------+----------+-------------------------------------------
     0 | D:5      | Esekla the Octopode Delver began the quest for the Orb.
     0 | D:5      | Reached XP level 1. HP: 16/16 MP: 1/1
    16 | D:5      | Noticed a hound
    27 | D:5      | Killed a hound
    28 | D:5      | Reached skill level 7 in Stealth
    28 | D:5      | Reached XP level 2. HP: 15/21 MP: 2/2
    28 | D:5      | Reached XP level 3. HP: 18/26 MP: 3/3
    76 | D:5      | Found Cadmus's Dragon-Slaying Spoils.
    94 | D:5      | Quit the game

Illustrated notes

Levels and vault maps discovered:
D:5:      layout_layer_cave, nicolae_shop_dragon_depot, uniq_crazy_yiuf_cottage,
          uniq_eustachio, uniq_ijyb, uniq_duvessa

Skill      XL: |  1 |
---------------+----+-----
Stealth        | 7 |  7.1
Fighting       | |  3.2
Long Blades    | |  2.2
Dodging        | |  2.2
Spellcasting   | |  0.6

Action                     || total
---------------------------++-------
  Melee: Falchion          ||     6
         Constrict         ||     1
         Tentacles         ||     1
    Use: Scroll            ||     1
 Armour: Skin              ||     1
  Dodge: Dodged            ||     6

Table legend: (Time is in decaauts)
 A = Elapsed time spent in this place.
 B = Non-inter-level travel time spent in this place.
 C = Inter-level travel time spent in this place.
 D = Time resting spent in this place.
 E = Time spent auto-exploring this place.
 F = Levels seen in this place.
 G = Mean time per level.
                   A        B        C        D        E       F      G
               +--------+--------+--------+--------+--------+-----+--------+
         Total |     95 |     95 |      0 |      0 |      0 |   1 |   95.0 |
       Dungeon |     95 |     95 |      0 |      0 |      0 |   1 |   95.0 |
               +--------+--------+--------+--------+--------+-----+--------+

Top non-repeatable levels by time:
     D:5: 95 daAuts
